 Dungeon Crawl Stone Soup version 0.24.0-1-gfbc8707122 (webtiles) character file.

Game seed: 17501646925302593990, levelgen mode: deterministic

28 Chiseanne the Sneak (level 3, -3/23 HPs)
             Began as an Octopode Air Elementalist on Oct 27, 2019.
             Slain by a hobgoblin
             ... wielding a +0 club
              (5 damage)
             ... on level 1 of the Dungeon.
             The game lasted 00:01:34 (794 turns).

Chiseanne the Sneak (Octopode Air Elementalist)      Turns: 794, Time: 00:01:34

Health: -3/23      AC:  1    Str:  7    XL:     3   Next: 12%
Magic:  6/6        EV: 14    Int: 17    God:
Gold:   39         SH:  0    Dex: 13    Spells: 5/6 levels left

rFire    . . .     SeeInvis .   a - +1 dagger (venom)
rCold    . . .     Gourm    .   (no shield)
rNeg     . . .     Faith    .   (helmet restricted)
rPois    .         Spirit   .   (no amulet)
rElec    .         Reflect  .   (no ring)
rCorr    .         Harm     .   (no ring)
MR       .....                  (no ring)
Stlth    +++.......             (no ring)
HPRegen  0.07/turn              (no ring)
MPRegen  0.10/turn              (no ring)
                                (no ring)
                                (no ring)

@: no status effects
A: almost no armour, stealthy swim, amphibious, 8 rings, constrict 8, camouflage
1, gelatinous body 1
a: no special abilities


You were on level 1 of the Dungeon.
You were not hungry.

You visited 1 branch of the dungeon, and saw 1 of its levels.

You collected 39 gold pieces.

Inventory:

Hand Weapons
 a - a +1 dagger of venom (weapon)
 s - a +0 hand axe
Missiles
 d - 24 stones (quivered)
Scrolls
 f - a scroll of magic mapping {unknown}
 h - a scroll of remove curse {unknown}
Potions
 c - a potion of degeneration {unknown}
 e - a potion of brilliance {unknown}
 g - a potion of flight {unknown}
Comestibles
 b - 3 rations


   Skills:
 * Level 1.1 Fighting
 * Level 2.4 Dodging
 * Level 3.3 Stealth
 * Level 2.3 Spellcasting
 - Level 1.0 Conjurations
 - Level 3.0 Air Magic


You had 5 spell levels left.
You knew the following spells:

 Your Spells              Type           Power        Failure   Level  Hunger
a - Shock                 Conj/Air       #...         9%          1    #......

Your spell library contained the following spells:

 Spells                   Type           Power        Failure   Level  Hunger
 Swiftness                Chrm/Air       #.......     16%         2    ###....
 Static Discharge         Conj/Air       #.......     24%         3    ###....
 Airstrike                Air            ##........   47%         4    #####..
 Lightning Bolt           Conj/Air       #.........   92%         5    ######.


Dungeon Overview and Level Annotations

Branches:
Dungeon (1/15)

Altars:


Innate Abilities, Weirdness & Mutations

You cannot wear most types of armour.
You are very stealthy in the water. (Stealth+)
You are amphibious.
You can wear up to eight rings at the same time.
You can use your tentacles to constrict eight enemies at once.
Your skin changes colour to match your surroundings (Stealth+).
Your rubbery body absorbs attacks. (AC +1, EV +1)


Message History

You are too injured to fight recklessly!
You release your grip on the hobgoblin.
The goblin closely misses you.
You closely miss the goblin. Your grab misses the goblin. The goblin hits you.
* * * LOW HITPOINT WARNING * * *
You closely miss the goblin. You grab the goblin. You constrict the goblin.
The goblin closely misses you.
You release your grip on the goblin.
You barely miss the goblin. You grab the goblin.
The goblin is moderately wounded.
You constrict the goblin. The goblin closely misses you.
You hit the goblin.
You kill the goblin!
You hit the hobgoblin.
The hobgoblin is poisoned.
You grab the hobgoblin.
The hobgoblin is lightly wounded.
You constrict the hobgoblin, but do no damage.
The hobgoblin hits you.
* * * LOW HITPOINT WARNING * * *
The hobgoblin hits you with a +0 club.
You die...

##.....### #........#####
#..........!.. #..........#
##.......#.# ##.....##
####.## ######g# ###....g@#
#>..###########
###.###.........# ##
##...###.>.......# #.
##.....##.........# #.
#.......#.........# ###.
#.......#.........# #.'.
#.......#####.##### #.'.
##.....######.############.#.


You could see 2 hobgoblins.

Vanquished Creatures
  An ooze (D:1)
  2 leopard geckos (D:1)
  2 giant cockroaches (D:1)
  2 goblins (D:1)
  4 hobgoblins (D:1)
  2 jackals (D:1)
  A ball python (D:1)
  A bat (D:1)
  A frilled lizard (D:1)
  A kobold (D:1)
  3 rats (D:1)
20 creatures vanquished.

Notes
Turn   | Place    | Note
-------+----------+-------------------------------------------
     0 | D:1      | Chiseanne the Octopode Air Elementalist began the quest for
                  | the Orb.
     0 | D:1      | Reached XP level 1. HP: 11/11 MP: 3/3
   208 | D:1      | Reached XP level 2. HP: 11/18 MP: 5/5
   437 | D:1      | Reached skill level 1 in Fighting
   665 | D:1      | Reached XP level 3. HP: 23/23 MP: 6/6
   794 | D:1      | Slain by a hobgoblin

Levels and vault maps discovered:
D:1:      lightli_arrival_windingriver, layout_rooms, st_stairs_6

Skill      XL: |  1  2 |
---------------+-------+-----
Stealth        | 3 |  3.3
Fighting       | 1 |  1.1
Dodging        | |  2.4
Spellcasting   | |  2.3
Conjurations   | |  1.0
Air Magic      | |  3.0

Action                   || total
-------------------------++-------
Melee: Hand axe          ||    26
       Tentacles         ||     5
       Constrict         ||    10
       Dagger            ||    11
 Cast: Shock             ||     2
 Stab: Sleeping          ||     5
Armor: Skin              ||     2
Dodge: Dodged            ||    27
